 Dungeon Crawl Stone Soup version 0.30.1-4-g462c640d31 (webtiles) character file.

Game seed: 8103798034041763515

1792 LynnLen the Vexing (level 8, 0/39 HPs)
             Began as a Spriggan Enchanter on Aug 12, 2023.
             Was a Believer of Dithmenos.
             Slain by a gnoll sergeant
             ... wielding a +1 spear of venom
              (5 damage)
             ... on level 7 of the Dungeon.
             The game lasted 00:21:35 (7044 turns).

LynnLen the Vexing (Spriggan Enchanter)             Turns: 7044, Time: 00:21:35

Health: 0/39       AC:  2    Str:  6    XL:     8   Next: 82%
Magic:  11/19      EV: 10    Int: 17    God:    Dithmenos [**....]
Gold:   493        SH:  0    Dex: 15    Spells: 12/20 levels left

rFire   . . .        q - +4 dagger
rCold   . . .        (no shield)
rNeg    + . .        b - +0 robe
rPois   .            (helmet restricted)
rElec   .            (no cloak)
rCorr   .            (gloves unavailable)
SInv    +            (boots unavailable)
Will    +....        (no amulet)
Stlth   ++++         i - ring of wizardry
HPRegen 0.26/turn    n - ring of positive energy
MPRegen 0.16/turn

%: wizardry (x1)
@: lethally poisoned (0 -> -21), held, wreathed by umbra, very quick
A: very small, no large weapons, unfitting armour, see invisible, speed 3
a: Renounce Religion, Shadow Step


You were on level 7 of the Dungeon.
You worshipped Dithmenos.
Dithmenos was pleased with you.
You visited 2 branches of the dungeon, and saw 8 of its levels.

You collected 493 gold pieces.

Inventory:

Hand Weapons
 q - a +4 dagger (weapon)
Armour
 b - a +0 robe (worn)
Jewellery
 i - a ring of wizardry (left hand)
 n - a ring of positive energy (right hand)
Wands
 y - a wand of charming (7)
Scrolls
 a - a scroll of fog {unknown}
 f - 3 scrolls of teleportation
 h - a scroll of identify
 j - a scroll of immolation
 o - a scroll of silence {unknown}
 p - a scroll of magic mapping {unknown}
 r - a scroll of torment {unknown}
 s - a scroll of acquirement {unknown}
 u - a scroll of vulnerability {unknown}
 v - a scroll of amnesia {unknown}
 x - a scroll of blinking {unknown}
 A - a scroll of enchant armour {unknown}
 B - a scroll of fear {unknown}
Potions
 c - 2 potions of invisibility
 d - 3 potions of curing
 e - a potion of resistance
 g - a potion of lignification
 k - 4 potions of brilliance
 l - a potion of mutation {unknown}
 m - 3 potions of might {unknown}
 t - a potion of attraction {unknown}
 w - a potion of magic {unknown}
 z - a potion of flight {unknown}


   Skills:
 + Level 2.8 Fighting
 + Level 3.9 Short Blades
 + Level 5.3 Dodging
 + Level 7.1 Stealth
 * Level 6.7 Spellcasting
 * Level 7.1 Hexes
 * Level 3.9 Ice Magic


You had 12 spell levels left.
You knew the following spells:

 Your Spells              Type           Power      Damage    Failure   Level
a - Ensorcelled Hibernat  Hex/Ice        48%        N/A       1%          2
b - Confusing Touch       Hex            29%        N/A       1%          3
c - Tukima's Dance        Hex            29%        N/A       1%          3

Your spell library contained the following spells:

 Spells                   Type           Power      Damage    Failure   Level
 Dazzling Flash           Conj/Hex       34%        N/A       3%          3
 Inner Flame              Hex/Fire       17%        N/A       3%          3
 Lesser Beckoning         Tloc           10%        N/A       8%          2
 Gell's Gravitas          Tloc           5%         N/A       14%         3
 Teleport Other           Tloc           5%         N/A       14%         3
 Flame Wave               Conj/Fire      5%         2d5       41%         4
 Sticky Flame             Conj/Fire      5%         2d3       41%         4


Dungeon Overview and Level Annotations

Branches:
Dungeon (7/15)             Temple (1/1) D:4

Altars:
Ashenzari
Dithmenos
Elyvilon
Gozag
Kikubaaqudgha
Makhleb
Nemelex Xobeh
Qazlal
Ru
Uskayaw
Xom

Shops:
D:5 !   D:6 *

Annotations:
D:6 3 runed translucent doors, Kranky's ghost, novice MiBe; SirLogeyBear's ghost, novice HOBe


Innate Abilities, Weirdness & Mutations

You are very small and have problems with some larger weapons.
You are too small for most types of armour.
You have supernaturally acute eyesight. (SInv)
You cover ground extremely quickly. (Speed+++)


Message History

Aim: a gnoll, wielding a +0 flail (wandering, hasn't noticed you, chance to affect: 67%)
The gnoll shouts!
The +0 flail dances into the air!
A gnoll comes into view. It is wielding a +0 club. x2
A gnoll sergeant and a gnoll come into view.
The gnoll sergeant is wielding a +1 spear of venom.
A gnoll comes into view. It is wielding a +0 flail.
Your +0 flail hits the gnoll but does no damage.
The gnoll moves out of view.
The gnoll hits your +0 flail.
Your +0 flail hits the gnoll!
The gnoll hits your +0 flail with a +0 club.
Your +0 flail falls from the air.
The gnoll shouts!
Aiming: Tukima's Dance (safe; 1% risk of failure)
Press: ? - help, Q - select action, (/) - cycle Shift-Dir - straight line, f - gnoll sergeant, p - gnoll
Aim: a gnoll sergeant, wielding a +1 spear of venom, wearing a +0 ring mail, wearing a +0 buckler and wearing a ring of willpower (umbra, chance to affect: 25%)
The gnoll sergeant resists with almost no effort.
The gnoll misses you. The gnoll sergeant barely misses you.
Aiming: Tukima's Dance (safe; 1% risk of failure)
Press: ? - help, Q - select action, (/) - cycle Shift-Dir - straight line, f/p - gnoll sergeant
Aim: a gnoll sergeant, wielding a +1 spear of venom, wearing a +0 ring mail, wearing a +0 buckler and wearing a ring of willpower (umbra, chance to affect: 25%)
The gnoll sergeant resists with almost no effort.
The gnoll barely misses you.
The gnoll throws a throwing net.
The throwing net hits you.
You become entangled in the net!
The gnoll sergeant hits you from afar with a +1 spear of venom!
You are poisoned.
Unknown command.
You tear a large gash into the net.
You feel very sick. The gnoll hits you.
The gnoll sergeant hits you from afar with a +1 spear of venom!
* * * LOW HITPOINT WARNING * * *
You are lethally poisoned!
You struggle against the net.
* * * LOW HITPOINT WARNING * * *
You feel very sick. The gnoll closely misses you.
The gnoll sergeant hits you from afar with a +1 spear of venom.
You die...

##...#..# ..# #.#. .# #......##
##.## #... ..# #.......# #..
##.. ...## #g.####...#..####...
....####.## ......#...##
......#.)# .# #....###
#....g######..# ###.## #
##...÷gg......# #.##
#..##....gg.@...## ##.#
..........#.g.### #.##
#####...##..## ### #..# #.
#..####.# #.# ##.♣♣ ##. #..#
#)# #.## ##o.♣~ #..# ##..# #.##
#..####..... ....##
##...####..# ##.o##...##o~ .
#..###......##.>###...o...###♣♣
# #.##............#..o##..##


You could see a gnoll sergeant and 5 gnolls.

Vanquished Creatures
  Eustachio (D:4)
  A water moccasin (D:5)
  An orc warrior (D:7)
  A sky beast (D:7)
  A black bear (D:4)
  2 ogres
  A phantom (D:5)
  A kobold brigand (D:7)
  A bullfrog (D:6)
  A scorpion (D:7)
  3 howler monkeys (D:7)
  2 jellies
  2 hounds
  2 orc priests (D:5)
  A gnoll bouda (D:5)
  6 iguanas
  2 orc wizards
  6 adders
  13 gnolls
  3 white imps
  An ufetubus (D:6)
  4 dart slugs
  18 orcs
  10 endoplasms
  3 giant cockroaches
  5 goblins
  6 hobgoblins
  3 quokkas
  5 ball pythons
  5 bats
  5 frilled lizards
  8 kobolds
  8 rats
132 creatures vanquished.

Vanquished Creatures (collateral kills)
  A gnoll (D:6)
  An orc (D:7)
2 creatures vanquished.

Vanquished Creatures (others)
  4 dancing weapons
4 creatures vanquished.

Grand Total: 138 creatures vanquished

Notes
Turn   | Place    | Note
-------+----------+-------------------------------------------
     0 | D:1      | LynnLen the Spriggan Enchanter began the quest for the Orb.
     0 | D:1      | Reached XP level 1. HP: 9/9 MP: 5/5
   276 | D:1      | Reached XP level 2. HP: 5/13 MP: 7/7
   427 | D:1      | Learned a level 2 spell: Ensorcelled Hibernation
  1078 | D:2      | Reached XP level 3. HP: 17/17 MP: 8/8
  1082 | D:2      | Learned a level 3 spell: Confusing Touch
  1086 | D:2      | Learned a level 3 spell: Tukima's Dance
  1429 | D:2      | Reached XP level 4. HP: 11/21 MP: 7/10
  1716 | D:3      | Reached skill level 1 in Ice Magic
  1749 | D:3      | Reached skill level 1 in Fighting
  1836 | D:3      | Reached skill level 5 in Stealth
  2546 | D:4      | Reached XP level 5. HP: 25/25 MP: 6/11
  2643 | D:4      | Noticed Eustachio
  2871 | D:4      | Noticed a black bear
  2878 | D:4      | Killed a black bear
  3185 | D:4      | Found a staircase to the Ecumenical Temple.
  3199 | Temple   | Entered the Ecumenical Temple
  3214 | Temple   | Became a worshipper of Dithmenos the Shadowed
  3307 | D:4      | Reached XP level 6. HP: 30/30 MP: 13/13
  3320 | D:4      | Reached skill level 5 in Hexes
  3497 | D:4      | Killed Eustachio
  3511 | D:5      | Entered Level 5 of the Dungeon
  3565 | D:5      | Reached XP level 7. HP: 34/34 MP: 15/15
  3790 | D:5      | Reached skill level 5 in Spellcasting
  4275 | D:5      | Reached * piety under Dithmenos
  4303 | D:5      | Found a white marble altar of Elyvilon.
  4571 | D:5      | Found Cigig's Distillery.
  4955 | D:5      | Reached XP level 8. HP: 34/39 MP: 4/17
  5129 | D:6      | Found a runed translucent gate.
  5129 | D:6      | Found a runed translucent gate.
  5129 | D:6      | Found a runed translucent gate.
  5129 | D:6      | Noticed SirLogeyBear's ghost (novice HOBe)
  5130 | D:6      | Noticed Kranky's ghost (novice MiBe)
  5353 | D:6      | Found Ruxkamnu's General Store.
  5874 | D:7      | Found a hide-covered altar of Uskayaw.
  5874 | D:7      | Noticed a +0 hand axe
  5874 | D:7      | Noticed a +0 hand axe
  5886 | D:7      | Reached skill level 5 in Dodging
  6726 | D:7      | Reached ** piety under Dithmenos
  7044 | D:7      | Slain by a gnoll sergeant

Illustrated notes

Levels and vault maps discovered:
D:1:      erik_arrival_blinker_ship, layout_rooms, minmay_tiny_reverse_x
D:2:      layout_rooms
D:3:      layout_loops_cross
D:4:      layout_loops_corners, minmay_temple_entry_glassed_door, uniq_eustachio
D:5:      layout_loops_ring, nicolae_elyvilon_temple_path, serial_shops,
          nicolae_shop_just_a_little_nook
D:6:      layout_cave_pools, gammafunk_ghost_cemetery, serial_shops,
          nicolae_shop_peninsula
D:7:      layout_layer_cave, dancing_weapons_uskayaw, corner_web_ring,
          serial_bayou_crossing
Temple:   nicolae_temple_bog_church

Skill      XL: |  1  2  3  4  5  6  7  8 |
---------------+-------------------------+-----
Spellcasting   | 3 4 5 6 |  6.7
Hexes          | 4 5 6 7 |  7.1
Dodging        | 3 4 5 |  5.3
Ice Magic      | 1 2 3 |  3.9
Fighting       | 1 2 |  2.8
Stealth        | 5 6 7 |  7.1
Short Blades   | 2 3 |  3.9

Action                     |  1- 3 |  4- 6 |  7- 9 || total
---------------------------+-------+-------+-------++-------
  Melee: Dagger            |   110 |    81 |   262 ||   453
         Punch             |     1 |       |     4 ||     5
   Cast: Ensorcelled Hiber |     9 |    17 |    24 ||    50
         Tukima's Dance    |     1 |     1 |    18 ||    20
         Confusing Touch   |       |       |    14 ||    14
    Use: Scroll            |     2 |     1 |     3 ||     6
         Potion            |       |       |     2 ||     2
   Stab: Sleeping          |    14 |    19 |    20 ||    53
         Distracted        |       |     1 |       ||     1
         Confused          |       |       |    10 ||    10
 Armour: Robe              |    11 |     5 |    12 ||    28
  Dodge: Dodged            |    78 |    66 |   215 ||   359
